[Event "WYCC 2018 G14"]
[Site "Halkidiki"]
[Date "2018.10.29"]
[Round "10"]
[White "Velea, Anne-Marie"]
[Black "Nurgali, Nazerke"]
[Result "0-1"]
[ECO "B13"]
[WhiteElo "1859"]
[BlackElo "2263"]
[Annotator "NA"]
[PlyCount "116"]
[EventDate "2018.10.20"]
[EventType "swiss"]
[EventCountry "GRE"]
[SourceTitle "playchess.com"]
[Source "ChessBase"]
[SourceQuality "1"]
[TimeControl "40/5400+30:1800+30"]

1. e4 c6 2. d4 d5 3. exd5 cxd5 4. Bd3 Nc6 5. c3 {[%emt 0:00:00] LiveBook: 2416 Games} Nf6 6. Bf4 g6 7. Nf3 Bg7 8. Nbd2 O-O 9. O-O Bf5 10. Bxf5 gxf5 11. Ne5 e6 {[%emt 0:02:35] B13: Caro-Kann: Exchange Variation and Panov-Botvinnik Attack} 12. Nxc6 (12. Nd3 Kh8 13. h3 Rg8 14. Kh1 Ne4 15. f3 Nxd2 16. Qxd2 Ne7 17. g4 Ng6 18. gxf5 Nxf4 19. Qxf4 {½-½ (34) Kovalev,V (2636)-Popov,I (2609) Sochi 2017}) 12... bxc6 13. Be5 Kh8 $146 ({Predecessor:} 13... Ne4 14. Bxg7 Kxg7 15. Nxe4 fxe4 16. Qg4+ Kh8 17. f3 f5 18. Qf4 Qe7 19. Rae1 {½-½ (39) Angelov,B (2077)-Pantev,V (2387) Plovdiv 2011}) 14. Bxf6 Bxf6 15. f4 Rg8 16. Qh5 Rg6 17. Nf3 Qg8 18. Rf2 Qg7 19. Ne5 Bxe5 20. fxe5 Rg8 21. Qf3 Rg4 22. Re1 Qh6 23. Kh1 Rh4 24. g3 Rhg4 25. Rg2 R8g6 ({Black should try} 25... f4 $17) 26. b4 Qh3 $17 27. Reg1 f4 28. Qf2 h6 29. a3 Rxg3 30. Rxg3 fxg3 31. Rxg3 Rxg3 32. Qxg3 Qf1+ 33. Qg1 Qf3+ 34. Qg2 Qxc3 35. Qf2 Kg8 36. Qf4 Qa1+ 37. Kg2 Qb2+ 38. Kf1 Qb1+ 39. Ke2 Qc2+ 40. Ke1 Qg6 41. Ke2 Kg7 42. Kf3 Qg5 43. h4 Qxf4+ 44. Kxf4 Kg6 45. Kg4 f5+ 46. exf6 Kxf6 47. Kf4 h5 48. a4 a6 49. a5 e5+ 50. dxe5+ Ke6 51. Kg5 Kxe5 52. Kxh5 Kf5 53. Kh6 d4 54. h5 Kf6 55. Kh7 d3 56. h6 d2 57. Kg8 d1=Q 58. h7 Qd8# 0-1

[Event "WYCC 2018 G14"]
[Site "Halkidiki"]
[Date "2018.10.29"]
[Round "10"]
[White "Tamrazyan, Gohar"]
[Black "Kostina, Veronika"]
[Result "1-0"]
[ECO "A06"]
[WhiteElo "1824"]
[BlackElo "1700"]
[Annotator "NA"]
[PlyCount "159"]
[EventDate "2018.10.20"]
[EventType "swiss"]
[EventCountry "GRE"]
[SourceTitle "playchess.com"]
[Source "ChessBase"]
[SourceQuality "1"]
[TimeControl "40/5400+30:1800+30"]

1. Nf3 d5 2. e3 c5 3. c4 e6 4. d4 Nc6 5. cxd5 exd5 6. Bb5 Nf6 7. O-O Be6 8. Nc3 Be7 9. dxc5 Bxc5 10. Na4 Bd6 11. Bxc6+ bxc6 12. Qc2 Rc8 13. Nc5 Qe7 14. b4 O-O 15. Bb2 Bxc5 16. Bxf6 gxf6 17. Qxc5 Qxc5 18. bxc5 Bf5 19. Nd4 Bg6 20. Rac1 Rc7 21. Rc3 Rb8 22. Rb3 Rxb3 23. axb3 Kf8 24. Ra1 Ke7 25. Ra4 Kd7 26. Rb4 Kc8 27. f3 f5 28. f4 Kd7 29. Kf2 Rc8 30. Rb7+ Rc7 31. Rxc7+ Kxc7 32. b4 h6 33. Ke1 Kb7 34. Kd2 Kc7 35. Kc3 Kb7 36. Kb3 Bh7 37. Ka4 Bg6 38. Ka5 Bh7 39. g3 Bg6 40. h4 h5 41. Nf3 Bh7 42. Ne5 Bg6 43. Nd7 Kc7 44. Nf6 Kb7 45. Ne8 f6 46. Nd6+ Kc7 47. Ka6 Kb8 48. b5 cxb5 49. Nxb5 Be8 50. Nd4 Bd7 51. c6 Bc8+ 52. Kb5 Kc7 53. Kc5 a6 54. Nc2 a5 55. Nd4 a4 56. Nb5+ Kb8 57. Kb4 Be6 58. Kxa4 d4 59. exd4 Bd5 60. c7+ Kb7 61. Kb4 Bc6 62. Nd6+ Kxc7 63. Nxf5 Bf3 64. Kc5 Kd7 65. d5 Be4 66. Ng7 Bf3 67. Nf5 Be4 68. Ne3 f5 69. Nc4 Bg2 70. Kd4 Be4 71. Ke5 Ke7 72. Ne3 Kd7 73. Nxf5 Bc2 74. Ng7 Bd1 75. f5 Ke7 76. f6+ Kf7 77. d6 Bg4 78. Nxh5 Ke8 79. Ng7+ Kf7 80. h5 1-0

[Event "WYCC 2018 G14"]
[Site "Halkidiki"]
[Date "2018.10.29"]
[Round "10"]
[White "Kouta, Antonia"]
[Black "Hernandez Guerra, Luna Yue"]
[Result "1/2-1/2"]
[ECO "C03"]
[WhiteElo "1812"]
[BlackElo "1659"]
[Annotator "NA"]
[PlyCount "140"]
[EventDate "2018.10.20"]
[EventType "swiss"]
[EventCountry "GRE"]
[SourceTitle "playchess.com"]
[Source "ChessBase"]
[SourceQuality "1"]
[TimeControl "40/5400+30:1800+30"]

1. e4 e6 2. d4 d5 3. Nd2 Be7 4. Bd3 c5 5. dxc5 Nf6 6. Qe2 O-O 7. Ngf3 a5 8. O-O Na6 9. exd5 Nxd5 10. Ne4 f5 11. Nd6 Nxc5 12. Nxc8 Rxc8 13. Bb5 Qc7 14. a3 Bf6 15. Rb1 Kh8 16. Re1 Qb6 17. Bd3 Nxd3 18. Qxd3 Rfd8 19. Qb3 Qc6 20. c3 a4 21. Qc2 h6 22. Qe2 Re8 23. Ne5 Qc7 24. Bd2 Rcd8 25. Rbd1 Bxe5 26. Qxe5 Qxe5 27. Rxe5 Nb6 28. Ree1 Nc4 29. Bc1 e5 30. Kf1 Kg8 31. Ke2 Kf7 32. Rxd8 Rxd8 33. Rd1 Rxd1 34. Kxd1 f4 35. Kc2 Na5 36. c4 Nxc4 37. Kc3 Na5 38. Bd2 Nb3 39. Be1 Nd4 40. Kc4 Ke6 41. Bc3 f3 42. g3 Nc6 43. Kd3 Kd5 44. Ke3 Nd4 45. Kd3 Nf5 46. g4 e4+ 47. Kd2 Nd4 48. Ke3 Ne6 49. Bb4 g6 50. Bc3 Nd8 51. Bg7 Nf7 52. Bf8 Ne5 53. h3 Nc4+ 54. Kf4 Nxb2 55. Bxh6 Nc4 56. Bf8 b5 57. h4 Ne5 58. Bg7 Nd3+ 59. Ke3 Ne5 60. Kf4 Nc6 61. h5 g5+ 62. Kg3 Ne5 63. h6 Ng6 64. h7 Kc4 65. Bb2 Kb3 66. Bc1 Nh8 67. Kh2 Nf7 68. Kg3 Nh8 69. Kh2 Nf7 70. Kg3 Nh8 1/2-1/2

[Event "WYCC 2018 G14"]
[Site "Halkidiki"]
[Date "2018.10.29"]
[Round "10"]
[White "Sleurs, Juliette"]
[Black "Galvan Cipriani, Viviana"]
[Result "1/2-1/2"]
[ECO "B31"]
[WhiteElo "1812"]
[BlackElo "2109"]
[Annotator "NA"]
[PlyCount "45"]
[EventDate "2018.10.20"]
[EventType "swiss"]
[EventCountry "GRE"]
[SourceTitle "playchess.com"]
[Source "ChessBase"]
[SourceQuality "1"]
[TimeControl "40/5400+30:1800+30"]

1. e4 c5 2. Nf3 Nc6 3. Bb5 g6 4. Bxc6 bxc6 5. O-O Bg7 6. Re1 Nh6 7. c3 O-O 8. h3 f5 9. e5 Nf7 10. d4 cxd4 11. cxd4 c5 12. d5 $11 {[%emt 0:07:34] LiveBook: 9 Games} d6 13. e6 Ne5 14. Nxe5 dxe5 15. Nc3 Rb8 16. Na4 Rb4 17. Be3 c4 18. Bc5 Rb5 19. d6 exd6 20. e7 Qxe7 21. Bxd6 Qf7 22. Bxf8 Qxf8 23. Qe2 1/2-1/2

[Event "WYCC 2018 G14"]
[Site "Halkidiki"]
[Date "2018.10.29"]
[Round "10"]
[White "Jaufarally, Nadia"]
[Black "Toncheva, Nadya"]
[Result "1-0"]
[ECO "B40"]
[WhiteElo "1810"]
[BlackElo "2002"]
[Annotator "NA"]
[PlyCount "123"]
[EventDate "2018.10.20"]
[EventType "swiss"]
[EventCountry "GRE"]
[SourceTitle "playchess.com"]
[Source "ChessBase"]
[SourceQuality "1"]
[TimeControl "40/5400+30:1800+30"]

1. e4 c5 2. Nf3 e6 3. d3 Nc6 4. g3 g6 5. Bg2 Bg7 6. h4 Nge7 7. c3 d5 8. Qe2 O-O 9. h5 b6 10. hxg6 hxg6 11. Na3 Bb7 12. Bd2 a6 13. O-O-O d4 14. Bh6 dxc3 15. Qe3 cxb2+ 16. Kb1 f6 17. Nc4 Nd4 18. Bxg7 $18 Kxg7 19. Nxd4 cxd4 20. Qh6+ Kf7 21. e5 Rh8 22. Qxh8 Qxh8 23. Rxh8 Bxg2 24. Nd6+ Kg7 25. Rxa8 Bxa8 26. Ne8+ Kf7 27. Nxf6 Bf3 28. Re1 Nc6 29. Ne4 Ke7 30. Ng5 Bd5 31. a3 b5 32. Kxb2 b4 33. Nh3 Bf3 34. Ng5 Bd5 35. f4 a5 36. Re2 bxa3+ 37. Kxa3 Nb4 38. Rd2 Bc6 39. Ne4 Bb5 40. Nc5 Kf7 41. Nb7 Ba6 42. Nd6+ Kg7 43. Ka4 Nxd3 44. Kxa5 Nc5 45. Kb4 Nd3+ 46. Ka3 g5 47. Ne8+ Kf7 48. Nc7 Bc4 49. Rc2 Bd5 50. Nxd5 exd5 51. Rd2 Ne1 52. Kb4 gxf4 53. gxf4 Ke6 54. Rxd4 Nc2+ 55. Kc5 Ne3 56. Rd3 Ng2 57. Rf3 Nh4 58. Rh3 Ng2 59. Rh6+ Kf5 60. Rf6+ Ke4 61. e6 Nxf4 62. Rxf4+ 1-0

[Event "WYCC 2018 G14"]
[Site "Halkidiki"]
[Date "2018.10.29"]
[Round "10"]
[White "Zeliantsova, Kseniya"]
[Black "Wikar, Martyna"]
[Result "0-1"]
[ECO "B10"]
[WhiteElo "1804"]
[BlackElo "2024"]
[Annotator "NA"]
[PlyCount "72"]
[EventDate "2018.10.20"]
[EventType "swiss"]
[EventCountry "GRE"]
[SourceTitle "playchess.com"]
[Source "ChessBase"]
[SourceQuality "1"]
[TimeControl "40/5400+30:1800+30"]

1. e4 c6 2. Nf3 d5 3. Nc3 dxe4 4. Nxe4 Nf6 5. Nxf6+ gxf6 6. d4 Bf5 7. Bf4 Nd7 8. Qd2 Nb6 9. c4 e6 10. Nh4 Bg6 11. Nxg6 hxg6 12. O-O-O Qd7 13. Be2 Be7 14. h4 a5 15. Qe3 Nc8 16. g4 Nd6 17. Kb1 a4 18. c5 Nb5 19. h5 g5 20. Bg3 Rd8 21. Bxb5 cxb5 22. d5 exd5 23. Rhe1 Kf8 24. f4 d4 25. Qf3 Qd5 26. Re4 f5 27. gxf5 Qxf5 28. Ka1 g4 29. Qe2 d3 30. Rxd3 Rxd3 31. Qxd3 Rxh5 32. a3 Qxc5 33. Qd7 Rd5 34. Qxb7 Rd1+ 35. Ka2 Bf6 36. Rb4 Qc1 0-1

[Event "WYCC 2018 G14"]
[Site "Halkidiki"]
[Date "2018.10.29"]
[Round "10"]
[White "Somton, Anita"]
[Black "Ruzic, Pia Marie"]
[Result "1-0"]
[ECO "C15"]
[WhiteElo "1787"]
[BlackElo "1691"]
[Annotator "NA"]
[PlyCount "63"]
[EventDate "2018.10.20"]
[EventType "swiss"]
[EventCountry "GRE"]
[SourceTitle "playchess.com"]
[Source "ChessBase"]
[SourceQuality "1"]
[TimeControl "40/5400+30:1800+30"]

1. e4 e6 2. d4 d5 3. Nc3 Bb4 4. exd5 exd5 5. Bd3 Nc6 6. Nge2 Nge7 7. a3 Bxc3+ 8. bxc3 Bf5 9. Ng3 Bxd3 10. cxd3 O-O 11. O-O Qc8 12. Rb1 b6 13. Qf3 Nd8 14. c4 Ne6 15. Bb2 Qd7 16. Rfd1 h6 17. c5 bxc5 18. dxc5 Nxc5 19. Bxg7 Qd6 20. Bxf8 Rxf8 21. Rb4 Kh7 22. Rg4 Nd7 23. d4 Nf6 24. Rf4 Nfg8 25. Rxf7+ Rxf7 26. Qxf7+ Kh8 27. Nh5 Qg6 28. Qxg6 Nxg6 29. Rc1 N6e7 30. Rxc7 Nf5 31. Nf4 Nge7 32. g4 1-0

[Event "WYCC 2018 G14"]
[Site "Halkidiki"]
[Date "2018.10.29"]
[Round "10"]
[White "Murzina, Agata"]
[Black "Rodriguez Redondo, Adhara"]
[Result "0-1"]
[ECO "C50"]
[WhiteElo "1768"]
[BlackElo "1911"]
[Annotator "NA"]
[PlyCount "114"]
[EventDate "2018.10.20"]
[EventType "swiss"]
[EventCountry "GRE"]
[SourceTitle "playchess.com"]
[Source "ChessBase"]
[SourceQuality "1"]
[TimeControl "40/5400+30:1800+30"]

1. e4 e5 2. Nf3 Nc6 3. Bc4 Bc5 4. d3 Nf6 5. Nc3 d6 6. h3 a6 7. a4 h6 8. Nd5 Ba7 9. O-O Be6 10. Nxf6+ Qxf6 11. Bxe6 fxe6 12. c3 g5 13. b4 Ne7 14. Be3 Ng6 15. g3 Rg8 16. Nh2 Qg7 17. Qh5 Kd7 18. Ng4 Rh8 19. b5 a5 20. Rab1 Bb6 21. Rfd1 Raf8 22. Bxb6 cxb6 23. d4 Kc7 24. Rd3 exd4 25. cxd4 Kb8 26. Rc1 Rf7 27. d5 e5 28. Rdc3 Rhf8 29. R1c2 Rh8 30. Ne3 Qf6 31. Nf5 Rfh7 32. Rf3 Rg8 33. Kf1 Rf8 34. Rcc3 Rg8 35. Ke1 Qd8 36. Nxh6 Rgg7 37. Rf5 Qh8 38. Rf6 Rxh6 39. Qxg5 Rh5 40. Qg4 Nf4 41. Qf3 Rxh3 42. Rxd6 Qf8 43. Rxb6 Qb4 44. Kd2 Qd4+ 45. Kc2 Qxb6 46. Kb3 Rc7 47. Rxc7 Qxc7 48. Qg4 Qc5 49. Qg8+ Ka7 50. Qd8 Qb4+ 51. Kc2 Qxa4+ 52. Kd2 Qb4+ 53. Kd1 Rh1+ 54. Kc2 Qb1+ 55. Kc3 Rc1+ 56. Kd2 Qc2+ 57. Ke3 Qd3# {[%emt 0:00:04] Kd4} 0-1

[Event "WYCC 2018 G14"]
[Site "Halkidiki"]
[Date "2018.10.29"]
[Round "10"]
[White "Gabbani, Sara"]
[Black "Woods, Charisse"]
[Result "1-0"]
[ECO "B24"]
[WhiteElo "1764"]
[BlackElo "1511"]
[Annotator "NA"]
[PlyCount "65"]
[EventDate "2018.10.20"]
[EventType "swiss"]
[EventCountry "GRE"]
[SourceTitle "playchess.com"]
[Source "ChessBase"]
[SourceQuality "1"]
[TimeControl "40/5400+30:1800+30"]

1. e4 c5 2. Nc3 Nc6 3. g3 g6 4. Nge2 Bg7 5. Bg2 d6 6. d3 Nf6 7. h3 O-O 8. Be3 a6 9. Qd2 Rb8 10. Bh6 b5 11. Bxg7 Kxg7 12. f4 b4 13. Nd1 Bb7 14. O-O e6 15. Ne3 d5 16. e5 Ne8 17. d4 c4 18. c3 a5 19. b3 cxb3 20. axb3 Qb6 21. c4 dxc4 22. Nxc4 Qb5 23. Kh2 Ra8 24. d5 exd5 25. Qxd5 Qa6 26. g4 Nc7 27. Qd2 Nb5 28. f5 Rfd8 29. f6+ Kh8 30. Qh6 Rg8 31. Rfd1 Bc8 32. Bxc6 Qxc6 33. Rd8 1-0

[Event "WYCC 2018 G14"]
[Site "Halkidiki"]
[Date "2018.10.29"]
[Round "10"]
[White "Kurmangaliyeva, Liya"]
[Black "Obada, Ema"]
[Result "1/2-1/2"]
[ECO "C15"]
[WhiteElo "1733"]
[BlackElo "1811"]
[Annotator "NA"]
[PlyCount "128"]
[EventDate "2018.10.20"]
[EventType "swiss"]
[EventCountry "GRE"]
[SourceTitle "playchess.com"]
[Source "ChessBase"]
[SourceQuality "1"]
[TimeControl "40/5400+30:1800+30"]

1. e4 e6 2. d4 d5 3. Nc3 Bb4 4. exd5 exd5 5. Bd3 Nc6 6. a3 Bxc3+ 7. bxc3 Nge7 8. Qh5 Be6 9. Nf3 Qd7 10. Ng5 O-O-O 11. Nxe6 Qxe6+ 12. Be3 g6 13. Qf3 Nf5 14. O-O Rhe8 15. Bd2 Nd6 16. Rfe1 Ne4 17. Bxe4 dxe4 18. Qe2 Na5 19. Rab1 Qc4 20. Qg4+ f5 21. Qh3 Rd7 22. Bf4 Qc6 23. Qe3 b6 24. Rb4 Kb7 25. a4 g5 26. Bxg5 Rg8 27. Bf4 Nc4 28. Qh3 Rdg7 29. g3 a5 30. Rb5 Na3 31. Rxf5 Nxc2 32. Rb1 Qxc3 33. Be5 Re7 34. Qh4 e3 35. Qe4+ Ka7 36. fxe3 Qxe3+ 37. Qxe3 Nxe3 38. Rf3 Nc4 39. Rc3 Nxe5 40. dxe5 Kb7 41. Re3 Rg4 42. Ra1 c5 43. Kf2 Kc6 44. Kf3 Rd4 45. Re4 Kd5 46. Rxd4+ Kxd4 47. Rb1 Rxe5 48. Rxb6 c4 49. Rd6+ Kc3 50. Rh6 Kb2 51. Rxh7 c3 52. Rb7+ Ka3 53. Rc7 Kb3 54. g4 c2 55. h4 Re1 56. g5 c1=Q 57. Rxc1 Rxc1 58. h5 Rh1 59. Kg4 Kxa4 60. g6 Kb5 61. Kf4 a4 62. g7 Rg1 63. h6 a3 64. h7 a2 1/2-1/2

[Event "WYCC 2018 G14"]
[Site "Halkidiki"]
[Date "2018.10.29"]
[Round "10"]
[White "Yedigaryan, Asya"]
[Black "Kong, Sydney"]
[Result "1-0"]
[ECO "A11"]
[WhiteElo "1726"]
[BlackElo "1659"]
[Annotator "NA"]
[PlyCount "73"]
[EventDate "2018.10.20"]
[EventType "swiss"]
[EventCountry "GRE"]
[SourceTitle "playchess.com"]
[Source "ChessBase"]
[SourceQuality "1"]
[TimeControl "40/5400+30:1800+30"]

1. c4 c6 2. Nc3 Nf6 3. g3 d5 4. cxd5 Nxd5 5. Bg2 e6 6. e3 Nd7 7. Nge2 Be7 8. O-O O-O 9. d4 N7f6 10. e4 Nc7 11. Qb3 b6 12. Rd1 Bb7 13. Nf4 Qc8 14. h3 Rd8 15. Be3 h6 16. Rd2 Rb8 17. Rad1 h5 18. e5 Nfd5 19. Nxh5 Nxe3 20. fxe3 c5 21. Nf4 g5 22. Nh5 Nd5 23. Nxd5 Bxd5 24. Bxd5 Rxd5 25. Kh2 cxd4 26. exd4 Qd7 27. Qe3 Qe8 28. Rf1 Qb5 29. Rdf2 Rf8 30. Nf6+ Kh8 31. Qxg5 Bxf6 32. Rxf6 Qe2+ 33. R1f2 Qe4 34. Rh6+ Qh7 35. Rxh7+ Kxh7 36. Rf6 Rxd4 37. Rh6# 1-0

[Event "WYCC 2018 G14"]
[Site "Halkidiki"]
[Date "2018.10.29"]
[Round "10"]
[White "Villanyi, Alexia"]
[Black "Anghel, Maria"]
[Result "1-0"]
[ECO "B43"]
[WhiteElo "1709"]
[BlackElo "1801"]
[Annotator "NA"]
[PlyCount "61"]
[EventDate "2018.10.20"]
[EventType "swiss"]
[EventCountry "GRE"]
[SourceTitle "playchess.com"]
[Source "ChessBase"]
[SourceQuality "1"]
[TimeControl "40/5400+30:1800+30"]

1. e4 c5 2. Nf3 e6 3. Nc3 a6 4. d4 cxd4 5. Nxd4 Qc7 6. Bd3 Nf6 7. Qe2 d6 8. f4 Nbd7 9. Be3 b5 10. a3 Bb7 11. O-O Be7 12. Rae1 O-O 13. Kh1 Nc5 14. Bd2 Rfd8 15. Qf2 d5 16. e5 Nfe4 17. Qe3 Rac8 18. Rf3 g6 19. Ref1 Qd7 20. Qe2 Nxd2 21. Qxd2 Ne4 22. Qe1 Nxc3 23. bxc3 Bxa3 24. Rg3 Kh8 25. Rh3 Be7 26. f5 exf5 27. Nxf5 d4 28. Qg3 Rxc3 29. Nh6 Rf8 30. Nxf7+ Kg7 31. Rxh7+ 1-0

[Event "WYCC 2018 G14"]
[Site "Halkidiki"]
[Date "2018.10.29"]
[Round "10"]
[White "Tien, Sophie"]
[Black "Bardorz, Jana"]
[Result "1-0"]
[ECO "C50"]
[WhiteElo "1648"]
[BlackElo "1810"]
[Annotator "NA"]
[PlyCount "61"]
[EventDate "2018.10.20"]
[EventType "swiss"]
[EventCountry "GRE"]
[SourceTitle "playchess.com"]
[Source "ChessBase"]
[SourceQuality "1"]
[TimeControl "40/5400+30:1800+30"]

1. e4 e5 2. Nf3 Nc6 3. Bc4 Nf6 4. d3 Bc5 5. c3 d6 6. h3 a6 7. Bb3 Ba7 8. Nbd2 O-O 9. Nf1 Ne7 10. Ng3 Ng6 11. O-O h6 12. d4 Re8 13. Re1 Be6 14. Bc2 c6 15. Be3 Qc7 16. Qd2 Rad8 17. Nf5 Bxf5 18. exf5 e4 19. fxg6 exf3 20. Bf4 fxg6 21. Bxg6 Rf8 22. Re3 Nd5 23. Rxf3 Nxf4 24. Rxf4 Rxf4 25. Qxf4 Rf8 26. Bh7+ Kxh7 27. Qxf8 d5 28. Re1 Bb8 29. g3 Qd6 30. Qf5+ g6 31. Qf7+ 1-0

[Event "WYCC 2018 G14"]
[Site "Halkidiki"]
[Date "2018.10.29"]
[Round "10"]
[White "Yellamraju, Ambica"]
[Black "Matus, Nastassja"]
[Result "1/2-1/2"]
[ECO "D26"]
[WhiteElo "1647"]
[BlackElo "1983"]
[Annotator "NA"]
[PlyCount "74"]
[EventDate "2018.10.20"]
[EventType "swiss"]
[EventCountry "GRE"]
[SourceTitle "playchess.com"]
[Source "ChessBase"]
[SourceQuality "1"]
[TimeControl "40/5400+30:1800+30"]

1. d4 d5 2. c4 dxc4 3. Nf3 Nf6 4. e3 e6 $14 {[%emt 0:00:00] LiveBook: 6019 Games} 5. Bxc4 a6 6. O-O c5 7. b3 b5 8. Be2 Bb7 9. a4 b4 10. Bb2 Nc6 11. Nbd2 cxd4 12. Nxd4 Nxd4 13. Bxd4 Be7 14. Bf3 Bxf3 15. Qxf3 O-O 16. Nc4 Qd5 17. Bxf6 Qxf3 18. gxf3 Bxf6 19. Rac1 Rac8 20. Rfd1 Rfd8 21. Kf1 Kf8 22. Ke2 Rxd1 23. Rxd1 Ke7 24. e4 Bc3 25. Ke3 e5 26. Rd5 f6 27. f4 exf4+ 28. Kxf4 Rc6 29. Ke3 g5 30. f4 h6 31. Kf3 Ba1 32. h3 Bc3 33. Kg4 Re6 34. Kf3 Rc6 35. Kg4 Re6 36. Kf5 Rc6 37. Kg4 gxf4 1/2-1/2

[Event "WYCC 2018 G14"]
[Site "Halkidiki"]
[Date "2018.10.29"]
[Round "10"]
[White "Arauco Celestino, Arianna Sofia"]
[Black "Ziegenfuss, Antonia"]
[Result "1-0"]
[ECO "A30"]
[WhiteElo "1610"]
[BlackElo "1969"]
[Annotator "NA"]
[PlyCount "91"]
[EventDate "2018.10.20"]
[EventType "swiss"]
[EventCountry "GRE"]
[SourceTitle "playchess.com"]
[Source "ChessBase"]
[SourceQuality "1"]
[TimeControl "40/5400+30:1800+30"]

1. c4 c5 2. Nf3 Nf6 3. b3 d5 4. cxd5 Nxd5 5. Ba3 Qa5 6. e4 Nb4 7. Bxb4 Qxb4 8. Nc3 e6 9. Ne5 Qd4 10. Nc4 Nc6 11. Rc1 Be7 $17 12. Qf3 a6 13. Nb6 Rb8 14. Nca4 Bg5 15. Qd3 O-O 16. Qxd4 cxd4 17. Bxa6 Nb4 18. Bb5 Nxa2 19. Rc2 Nb4 20. Rc4 Nd3+ 21. Ke2 Nf4+ 22. Kf3 Rd8 23. Rc5 e5 24. Rxe5 f6 25. Bc4+ Kf8 26. Rc5 Be6 27. g3 Bxc4 28. gxf4 Bxb3 29. fxg5 Bxa4 30. Nxa4 b5 31. Nb2 fxg5 32. Nd3 b4 33. Rb1 b3 34. Nc1 b2 35. Nd3 Rb3 36. Ke2 Re8 37. f3 g4 38. Rf5+ Kg8 39. Rxb2 gxf3+ 40. Rxf3 Rxe4+ 41. Kf2 Rxb2 42. Nxb2 g6 43. Nd3 Re6 44. Nc5 Rc6 45. Nb3 Rc2 46. Ke2 1-0

[Event "WYCC 2018 G14"]
[Site "Halkidiki"]
[Date "2018.10.29"]
[Round "10"]
[White "Yan, Ashley Mei"]
[Black "Guillo Longares, Cecilia"]
[Result "0-1"]
[ECO "B22"]
[WhiteElo "1565"]
[BlackElo "1998"]
[Annotator "NA"]
[PlyCount "104"]
[EventDate "2018.10.20"]
[EventType "swiss"]
[EventCountry "GRE"]
[SourceTitle "playchess.com"]
[Source "ChessBase"]
[SourceQuality "1"]
[TimeControl "40/5400+30:1800+30"]

1. e4 c5 2. c3 Nf6 3. e5 Nd5 4. d4 cxd4 5. Nf3 e6 6. cxd4 d6 7. Bc4 Nc6 8. O-O Be7 9. Qe2 O-O 10. Nc3 Nxc3 11. bxc3 dxe5 12. dxe5 Qc7 13. Qe4 Rd8 14. Bd3 g6 15. Re1 b6 16. Bf4 $15 Bb7 17. Qe2 Na5 18. Rac1 Ba3 19. Rc2 Bc6 20. Nd4 Ba4 21. Nb5 Qd7 22. Rd2 Bxb5 23. Bxb5 Qc7 24. Red1 Rxd2 25. Qxd2 Bf8 26. Qd7 Qxc3 27. Rc1 Qb4 28. Bg5 Bc5 29. Rd1 Qe4 30. Bh6 Bxf2+ 31. Kh1 Qh4 32. Rf1 Qxh6 33. Rxf2 Qf8 34. h3 a6 35. Be2 Qg7 36. Qc7 f5 37. Qxg7+ Kxg7 38. Rf1 b5 39. Rd1 Ra7 40. Rd6 Kf7 41. Kg1 Ke7 42. Kf2 Nb7 43. Rc6 Nd8 44. Rc5 Kd7 45. Ke3 Rc7 46. Kd4 Nc6+ 47. Ke3 Nb4 48. Rxc7+ Kxc7 49. Kd4 Nxa2 50. Kc5 Nc3 51. Bf3 a5 52. Bc6 b4 0-1

[Event "WYCC 2018 G14"]
[Site "Halkidiki"]
[Date "2018.10.29"]
[Round "10"]
[White "Burdot, Clara"]
[Black "Zaritovskaja, Margarita"]
[Result "0-1"]
[ECO "B22"]
[WhiteElo "1472"]
[BlackElo "1731"]
[Annotator "NA"]
[PlyCount "74"]
[EventDate "2018.10.20"]
[EventType "swiss"]
[EventCountry "GRE"]
[SourceTitle "playchess.com"]
[Source "ChessBase"]
[SourceQuality "1"]
[TimeControl "40/5400+30:1800+30"]

1. e4 c5 2. c3 d5 3. exd5 Qxd5 4. d4 Nc6 5. Nf3 Bf5 6. Be3 Nf6 7. Be2 g6 8. dxc5 Qxd1+ 9. Bxd1 Nd5 10. Bd4 f6 11. Bb3 Nf4 12. O-O O-O-O 13. Re1 e5 14. Be3 Nd3 15. Re2 Bxc5 16. Bh6 e4 17. Ne1 Bg4 18. Nxd3 exd3 19. Re4 Rhe8 20. Nd2 Bf5 21. Ree1 g5 22. Bg7 Re2 23. Rxe2 dxe2 24. Nf3 Na5 25. Re1 Nxb3 26. axb3 Rd1 27. g3 g4 28. Kg2 gxf3+ 29. Kxf3 Rxe1 30. Bxf6 Bd3 31. Bg5 Rd1 32. Be3 Bxe3 33. fxe3 e1=Q 34. Kg4 Qxe3 35. Kh3 Qg5 36. g4 Rg1 37. c4 Qxg4# 0-1

[Event "WYCC 2018 G14"]
[Site "Halkidiki"]
[Date "2018.10.30"]
[Round "11"]
[White "Nurgali, Nazerke"]
[Black "Arauco Celestino, Arianna Sofia"]
[Result "1-0"]
[ECO "E04"]
[WhiteElo "2263"]
[BlackElo "1610"]
[Annotator "NA"]
[PlyCount "41"]
[EventDate "2018.10.20"]
[EventType "swiss"]
[EventCountry "GRE"]
[SourceTitle "playchess.com"]
[Source "ChessBase"]
[SourceQuality "1"]
[TimeControl "40/5400+30:1800+30"]

1. d4 Nf6 2. c4 e6 3. g3 d5 4. Nf3 dxc4 5. Bg2 Bb4+ 6. Bd2 a5 7. O-O O-O {[%emt 0:00:41] E04: Open Catalan: 5 Nf3} 8. Qc2 (8. Bg5 h6 9. Bxf6 Qxf6 10. a3 Bd6 11. Nc3 Nc6 12. Rc1 e5 13. d5 Nd4 14. Nxd4 exd4 15. Ne4 {0-1 (66) Ding,L (2777)-Wang,H (2709) Huaian 2017}) 8... Bxd2 9. Nbxd2 b5 10. a4 c6 11. e4 Na6 {[%emt 0:09:46] LiveBook: 8 Games} 12. Qc3 Nb4 13. Ne5 Bb7 $146 ({Better is Predecessor:} 13... Nd7 $15 14. Nxd7 Qxd7 {0-1 (36) Dimic,P (2356)-Livaic,L (2468) Skopje 2018}) 14. b3 cxb3 15. Nxb3 Qb6 16. Nc5 Rfd8 17. Rfd1 Rd6 18. Qb2 Rad8 19. axb5 Qxb5 20. Rac1 $18 Na6 21. Qxb5 1-0

[Event "WYCC 2018 G14"]
[Site "Halkidiki"]
[Date "2018.10.30"]
[Round "11"]
[White "Caglar, Sila"]
[Black "Randrianarimanana, Alicia"]
[Result "1-0"]
[ECO "B29"]
[WhiteElo "2184"]
[BlackElo "1947"]
[Annotator "NA"]
[PlyCount "71"]
[EventDate "2018.10.20"]
[EventType "swiss"]
[EventCountry "GRE"]
[SourceTitle "playchess.com"]
[Source "ChessBase"]
[SourceQuality "1"]
[TimeControl "40/5400+30:1800+30"]

1. e4 c5 2. Nf3 Nf6 3. Nc3 Nc6 4. d4 d5 5. e5 {[%emt 0:10:04] B29: Sicilian: 2 Nf3 Nf6 (Nimzowitsch Variation)} (5. exd5 Nxd5 6. dxc5 Nxc3 7. Qxd8+ Nxd8 8. bxc3 f6 9. Be3 e5 10. Nd2 Bd7 11. O-O-O Rc8 12. Ne4 Ne6 13. Nd6+ Bxd6 14. cxd6 b6 15. Ba6 Rc6 16. c4 Rxc4 {1-0 (53) Kravtsiv,M (2654)-Bakunts,R (2427) Ahmedabad 2018}) 5... Ne4 6. dxc5 Nxc3 7. bxc3 Bg4 8. Bf4 $146 ({Predecessor:} 8. Be2 e6 9. Be3 Bxf3 10. Bxf3 Nxe5 11. O-O Nxf3+ 12. Qxf3 Qc7 {½-½ (31) Preiser,H-Cvicela,A (2170) Znojmo 2003}) 8... Qa5 9. Qd3 e6 10. Rb1 Qc7 11. Nd4 a6 12. Qg3 Bh5 13. Nb3 Bg6 14. Bd3 Ne7 15. h4 Nf5 16. Qf3 h5 17. Nd4 Ne7 18. O-O Bxd3 19. cxd3 Ng6 20. Qg3 Nxf4 21. Qxf4 Bxc5 22. Nf3 b5 23. a4 bxa4 24. Qxa4+ Kf8 25. Rb3 g6 26. Rfb1 Kg7 27. Rb7 Qc8 28. d4 Bxd4 29. Qxd4 Rf8 30. Ng5 Kg8 31. Qf4 Qe8 32. Qf6 Qd8 33. Re7 Qxe7 34. Qxe7 a5 35. Rb7 a4 36. Nxf7 1-0